 Dungeon Crawl Stone Soup version 0.17-a0-2027-gcac42c4 (webtiles) character file.

2072 Goblin1989 the Destroyer (level 9, 0/45 HPs)
             Began as a Deep Elf Fire Elementalist on Oct 11, 2015.
             Was a Follower of Vehumet.
             Slain by an orc warrior
             ... wielding a +0 short sword
              (15 damage)
             ... on level 5 of the Dungeon.
             The game lasted 00:50:01 (6994 turns).

Goblin1989 the Destroyer (DEFE)                     Turns: 6994, Time: 00:50:01

Health: 0/45       AC:  2    Str:  8    XL:     9   Next: 5%
Magic:  15/22      EV: 16    Int: 24    God:    Vehumet [*.....]
Gold:   267        SH:  0    Dex: 15    Spells: 5 memorised, 8 levels left

rFire  . . .     SeeInvis .     l - +2 dagger (holy)
rCold  . . .     Clarity  .     a - +0 robe
rNeg   . . .     SustAt   .     (no shield)
rPois  .         Gourm    .     (no helmet)
rElec  .         Spirit   .     (no cloak)
rCorr  .         Warding  .     (no gloves)
rMut   +         Stasis   .     (no boots)
MR     .....                    t - amulet of resist mutation
Stlth  ++........               (no ring)
                                D - +3 ring of strength

@: not resistant to hostile enchantments, unstealthy
A: no striking features
a: Renounce Religion


You were on level 5 of the Dungeon.
You worshipped Vehumet.
Vehumet was aware of your devotion.
You were hungry.

You visited 1 branch of the dungeon, and saw 7 of its levels.

You collected 267 gold pieces.

Inventory:

Hand Weapons
 l - a +2 dagger of holy wrath (weapon)
Armour
 a - a +0 robe (worn)
Jewellery
 t - an amulet of resist mutation (around neck)
 D - a +3 ring of strength (left hand)
Wands
 i - a wand of lightning (0)
 r - a wand of frost (45)
 E - a wand of paralysis (14)
 F - a wand of enslavement (9)
Scrolls
 d - 2 scrolls of magic mapping {unknown}
 e - a scroll of recharging
 h - 2 scrolls of amnesia
 n - 2 scrolls of immolation {unknown}
 p - a scroll of random uselessness {unknown}
 x - 3 scrolls of teleportation {unknown}
 y - 2 scrolls of remove curse
 B - a scroll of fear {unknown}
Potions
 g - 3 potions of might
 k - a potion of invisibility {unknown}
 m - 2 potions of heal wounds
 o - a potion of magic {unknown}
 q - 3 potions of flight
 s - 3 potions of brilliance {unknown}
 u - 2 potions of lignification {unknown}
 v - 2 potions of poison {unknown}
 z - a potion of haste {unknown}
 A - 3 potions of mutation {unknown}
 C - 2 potions of curing {unknown}
 G - 2 potions of ambrosia {unknown}
Books
 b - a book of Flames

   Spells                             Type                      Level
   a - Flame Tongue                   Conjuration/Fire             1
   b - Throw Flame                    Conjuration/Fire             2
   c - Conjure Flame                  Conjuration/Fire             3
   d - Inner Flame                    Hexes/Fire                   3
   e - Sticky Flame                   Conjuration/Fire             4
   f - Fireball                       Conjuration/Fire             5
 f - an Akashic Record

   Spells                             Type                      Level
   a - Dispersal                      Translocation                6
   b - Controlled Blink               Translocation                7
   c - Malign Gateway                 Summoning/Translocation      7
   d - Disjunction                    Translocation                8
Comestibles
 c - 7 bread rations
 j - 3 meat rations
 w - 6 fruits


   Skills:
 + Level 6.8 Dodging
 - Level 2.4 Stealth
 + Level 7.4 Spellcasting
 + Level 8.0 Conjurations
 * Level 7.0 Fire Magic


You had 8 spell levels left.
You knew the following spells:

 Your Spells              Type           Power        Failure   Level  Hunger
a - Flame Tongue          Conj/Fire      #####        1%          1    None
b - Conjure Flame         Conj/Fire      #####...     1%          3    None
c - Inner Flame           Hex/Fire       ####....     6%          3    None
d - Fireball              Conj/Fire      #####.....   12%         5    #####..
e - Throw Flame           Conj/Fire      #####.       1%          2    None


Dungeon Overview and Level Annotations

Branches:
Dungeon (7/15)             Temple (0/1) D:5

Altars:
Ashenzari
Elyvilon
Fedhas
Gozag
Okawaru
Sif Muna
Vehumet
The Shining One

Shops:
D:5 :


Message History

Aiming: Flame Tongue
Press: ? - help, Shift-Dir - straight line, f/p - orc warrior
Aim: an orc warrior, wielding a short sword and wearing a plate armour The flame tongue hits something.
Something hits you. Something shocks you.
Casting: Flame Tongue
Confirm with . or Enter, or press ? or * to list all spells.
Aiming: Flame Tongue
Press: ? - help, Shift-Dir - straight line, f/p - orc warrior
Aim: an orc warrior, wielding a short sword and wearing a plate armour The flame tongue hits something.
Something barely misses you.
The orc priest invokes the aid of Beogh against you.
Something smites you! Something hits you. Something shocks you.
The orc warrior misses you.
You climb upwards.
There is a stone staircase leading down, spattered with blood here.
A sky beast appears from thin air!
Reactivating autopickup.
The sky beast closely misses you.
The orc warrior hits you with a short sword!
You die...

........##.##.####.#######...#
........##.##.##.............####
.##.....##.##(.(.#.######........
.##..#.###.##(####.### #.###....
.#...#.###.##.#......# #.# #....
...........[[......#.# #.###....
##...######.#.#..###.# #........
#...# #)#..o>.##.##########.#
#...######.###[@Y##.......#.....
##........#.......##.......#.##.#
......................†....#.#.#.
...>........####...........#..###
...........##.....##.......#.#.#.
##...####..##.##.###.......#.##.#
##...............# #.......#.....
#......######.#### ############.#
#....#.# ##...## #######...# #.#


You could see an orc warrior and a sky beast.

Vanquished Creatures
  Sigmund (D:4)
  Duvessa (D:4)
  An ice beast (D:7)
  A phantom (D:5)
  A necrophage (D:5)
  2 centaurs
  3 ogres
  Dowan (D:4)
  3 scorpions
  3 crimson imps (D:5)
  2 orc priests
  2 jellies
  Ijyb (D:2)
  A giant frog skeleton (D:5)
  3 hounds
  3 centaur skeletons
  5 orc wizards
  Natasha (twice) (D:4)
  2 worker ants (D:4)
  An iguana (D:5)
  4 gnolls (D:5)
  A worker ant zombie (D:5)
  7 adders
  2 oozes (D:2)
  3 worms
  A giant gecko (D:5)
  22 orcs
  6 bats
  3 giant cockroaches
  17 goblins
  7 hobgoblins
  9 jackals
  12 kobolds
  5 quokkas
  2 ball pythons
  A giant gecko skeleton (D:4)
  6 giant newts
  A jackal skeleton (D:4)
  8 rats
156 creatures vanquished.

Notes
Turn   | Place    | Note
--------------------------------------------------------------
     0 | D:1      | Goblin1989 the Deep Elf Fire Elementalist began the quest for the Orb.
     0 | D:1      | Reached XP level 1. HP: 10/10 MP: 6/6
   369 | D:1      | Reached XP level 2. HP: 6/15 MP: 2/8
   947 | D:1      | Reached XP level 3. HP: 19/19 MP: 8/10
   952 | D:1      | Learned a level 3 spell: Conjure Flame
  1363 | D:2      | Noticed Ijyb
  1442 | D:2      | Found a faded altar to an unknown god.
  1455 | D:2      | Reached XP level 4. HP: 24/24 MP: 9/11
  1466 | D:2      | Killed Ijyb
  1466 | D:2      | Reached skill level 4 in Spellcasting
  1844 | D:2      | Found a deep blue altar of Sif Muna.
  1864 | D:2      | Found a glowing golden altar of the Shining One.
  1979 | D:2      | Found an iron altar of Okawaru.
  2230 | D:3      | Reached XP level 5. HP: 9/28 MP: 5/13
  2877 | D:3      | Learned a level 3 spell: Inner Flame
  3290 | D:4      | Noticed an ogre
  3302 | D:4      | Killed an ogre
  3302 | D:4      | Reached XP level 6. HP: 32/32 MP: 3/15
  3424 | D:4      | Noticed a centaur
  3429 | D:4      | Killed a centaur
  3458 | D:4      | Reached skill level 5 in Spellcasting
  3784 | D:4      | Reached skill level 5 in Conjurations
  3784 | D:4      | Reached XP level 7. HP: 27/36 MP: 8/16
  3861 | D:4      | Noticed Sigmund
  3871 | D:4      | Killed Sigmund
  3871 | D:4      | Reached skill level 5 in Dodging
  3871 | D:4      | Reached skill level 5 in Fire Magic
  4185 | D:4      | Noticed Duvessa
  4185 | D:4      | Noticed Dowan
  4196 | D:4      | Killed Duvessa
  4198 | D:4      | Killed Dowan
  4198 | D:4      | Reached skill level 6 in Spellcasting
  4397 | D:4      | Found a white marble altar of Elyvilon.
  4397 | D:4      | Found an opulent altar of Gozag.
  4473 | D:4      | Noticed Natasha
  4485 | D:4      | Killed Natasha
  4504 | D:4      | Reached XP level 8. HP: 29/41 MP: 7/19
  4674 | D:4      | Noticed Natasha
  4679 | D:4      | Killed Natasha
  4877 | D:4      | Learned a level 5 spell: Fireball
  4905 | D:5      | Entered Level 5 of the Dungeon
  5232 | D:5      | You fall through a shaft for 2 floors!
  5315 | D:5      | Found Geettarph's Book Boutique.
  5317 | D:5      | Found a blossoming altar of Fedhas.
  5711 | D:5      | Reached skill level 7 in Conjurations
  5732 | D:5      | Learned a level 2 spell: Throw Flame
  5824 | D:5      | Found a radiant altar of Vehumet.
  5830 | D:5      | Became a worshipper of Vehumet
  6145 | D:5      | Found a staircase to the Ecumenical Temple.
  6652 | D:6      | Found a blossoming altar of Fedhas.
  6724 | D:6      | Found a shattered altar of Ashenzari.
  6781 | D:5      | Acquired Vehumet's first power
  6781 | D:5      | Offered knowledge of Freeze by Vehumet.
  6781 | D:5      | Reached XP level 9. HP: 28/45 MP: 1/22
  6942 | D:5      | Reached skill level 8 in Conjurations
  6994 | D:5      | Slain by an orc warrior

Vault maps used:
D:1:      dpeg_arrival_rooms_a
D:2:      kennysheep_the_goblin_king, okawaru_trees_2, lemuel_doored_altar,
          overflow_temple_1_default, ecumenical_altar_1,
          minmay_misc_feat_secret_circle
D:3:      first_bread
D:4:      gammafunk_temple_overflow_wave, uniq_sigmund, uniq_duvessa,
          uniq_natasha
D:5:      overflow_temple_1_default, overflow_temple_1_default,
          minmay_temple_entry_poolview, serial_shops, shop,
          kennysheep_another_room
D:6:      kiku_gazebo_pond_becter, old_standard_altar,
          fedhas_bush_and_centaur_altar
D:7:      lemuel_crystal_altar, serial_shops, shop

Action                   |  1- 3 |  4- 6 |  7- 9 || total
-------------------------+-------+-------+-------++-------
Melee: Unarmed           |    11 |       |       ||    11
       Dagger            |       |     5 |    53 ||    58
 Cast: Flame Tongue      |    76 |   119 |   171 ||   366
       Conjure Flame     |       |     5 |    11 ||    16
       Inner Flame       |       |     1 |       ||     1
       Throw Flame       |       |       |    14 ||    14
       Fireball          |       |       |     2 ||     2
Evoke: Wand              |       |       |     3 ||     3
  Use: Scroll            |       |     8 |       ||     8
 Stab: Distracted        |       |     1 |       ||     1
  Eat: Chunk             |     1 |     7 |    10 ||    18
       Fruit             |       |       |     1 ||     1
